 Dungeon Crawl Stone Soup version 0.28.0-43-g3370ac3207 (webtiles) character file.

Game seed: 3452433398644271

105387 pkoi the Nimble (level 15, 0/126 HPs)
             Began as a Demigod Air Elementalist on Mar 25, 2022.
             Killed from afar by a manticore (6 damage)
             ... with a volley of spikes
             ... on level 3 of the Shoals.
             The game lasted 01:27:24 (59782 turns).

pkoi the Nimble (Demigod Air Elementalist)         Turns: 59782, Time: 01:27:25

Health: 0/126      AC: 12    Str: 15    XL:     15   Next: 47%
Magic:  6/34       EV: 17    Int: 35    God:
Gold:   430        SH:  5    Dex: 12    Spells: 5/35 levels left

rFire   + + +      SeeInvis .   T - +3 Elemental Staff {rElec rF++ rC++ AC+5}
rCold   + + +      Faith    .   (no shield)
rNeg    + . .      Spirit   .   f - +1 robe of the Lute {rN+ Archmagi}
rPois   +          Reflect  +   J - +1 hat {Will+}
rElec   +          Harm     .   q - scarf {rC+ rF+}
rCorr   .          Rampage  .   W - +0 pair of gloves
Will    ++...      Archmagi +   c - +1 pair of boots
Stlth   ++........              m - amulet of reflection
HPRegen 0.31/turn               N - ring of flight
MPRegen 0.24/turn               h - ring of poison resistance

@: about to teleport, spiked, flying, studying Dodging
A: high MP 1, forlorn, divine attributes, clever 1, clumsy 1, strong 1
a: no special abilities


You were on level 3 of the Shoals.
You visited 3 branches of the dungeon, and saw 22 of its levels.
You also visited: Ice Cave.

You collected 1806 gold pieces.
You spent 1376 gold pieces at shops.

Inventory:

Hand Weapons
 t - a +3 spear
 v - a +2 dagger of venom
 T - the +3 Elemental Staff (weapon) {rElec rF++ rC++ AC+5}
   (You acquired it on level 12 of the Dungeon)

   If the wielder is skilled in Evocations, they can discharge powerful blasts
   of elemental energy when striking with it.
   It enhances your fire, ice, earth and air magic.
   AC:        It affects your AC (+5).
   rF:        It greatly protects you from fire.
   rC:        It greatly protects you from cold.
   rElec:     It insulates you from electricity.
Missiles
 g - 2 boomerangs of dispersal
 I - 2 curare-tipped darts
 L - 5 datura-tipped darts
 P - a throwing net
Armour
 c - a +1 pair of boots (worn)
 f - the +1 robe of the Lute (worn) {rN+ Archmagi}
   (You found it on level 5 of the Lair of Beasts)

   rN:        It protects you from negative energy.
   Archmagi:  It increases the power of your magical spells.
 q - a scarf of resistance (worn)
 B - the +1 leather armour of Patience {rPois}
   (You found it on level 3 of the Lair of Beasts)

   rPois:     It protects you from poison.
 J - a +1 hat of willpower (worn)
 W - a +0 pair of gloves (worn)
Jewellery
 b - a +4 ring of protection
 d - a ring of resist corrosion
 h - a ring of poison resistance (right hand)
 k - a +4 ring of evasion
 l - a ring of positive energy
 m - an amulet of reflection (around neck)
 o - a +6 ring of intelligence
 u - a ring of ice
 N - a ring of flight (left hand)
 S - a ring of positive energy
Wands
 n - a wand of flame (41)
 w - a wand of polymorph (20)
 z - a wand of paralysis (3)
 A - a wand of iceblast (20)
 D - a wand of digging (13)
 K - a wand of mindburst (9)
 O - a wand of acid (2)
Scrolls
 a - 4 scrolls of enchant armour
 e - a scroll of brand weapon
 j - a scroll of amnesia
 r - 8 scrolls of identify
 y - 2 scrolls of enchant weapon
 H - a scroll of fog
 M - 5 scrolls of teleportation
 R - a scroll of silence
 V - a scroll of fear
 X - a scroll of holy word
 Y - a scroll of magic mapping
Potions
 i - 5 potions of curing
 p - a potion of ambrosia
 s - 5 potions of berserk rage
 x - 4 potions of heal wounds
 C - 2 potions of lignification
 E - 3 potions of flight
 F - a potion of resistance
 G - a potion of magic
 Q - 2 potions of haste
 U - a potion of might


   Skills:
 - Level 10.0 Fighting
 - Level 3.5 Armour
 + Level 12.8 Dodging
 - Level 1.7 Stealth
 - Level 6.1 Unarmed Combat
 + Level 10.9 Spellcasting
 + Level 9.5 Conjurations
 - Level 6.0 Translocations
 - Level 6.2 Transmutations
 + Level 12.3 Air Magic
 - Level 6.0 Poison Magic
 + Level 2.7 Evocations


You had 5 spell levels left.
You knew the following spells:

 Your Spells              Type           Power      Damage    Failure   Level
a - Shock                 Conj/Air       100%       1d9       1%          1
b - Swiftness             Air            100%       N/A       1%          3
c - Poisonous Vapours     Pois/Air       100%       N/A       1%          2
d - Airstrike             Air            63%        N/A       1%          4
e - Iskenderun's Mystic   Conj/Tloc      83%        2d16      1%          4
f - Apportation           Tloc           100%       N/A       1%          1
g - Olgreb's Toxic Radia  Pois           75%        N/A       1%          4
h - Alistair's Intoxicat  Tmut/Pois      50%        N/A       4%          5
i - Conjure Ball Lightni  Conj/Air       60%        3x3d22    4%          6

Your spell library contained the following spells:

 Spells                   Type           Power      Damage    Failure   Level
 Magic Dart               Conj           100%       1d8       1%          1
 Sting                    Tmut/Pois      100%       1d8       1%          1
 Static Discharge         Conj/Air       100%       N/A       1%          2
 Dazzling Flash           Conj/Hex       100%       N/A       1%          3
 Stone Arrow              Conj/Erth      100%       3d13      1%          3
 Lightning Bolt           Conj/Air       60%        1d83      1%          5
 Animate Skeleton         Necr           56%        N/A       2%          1
 Slow                     Hex            100%       N/A       2%          1
 Summon Small Mammal      Summ           100%       N/A       2%          1
 Irradiate                Conj/Tmut      42%        3d28      2%          5
 Fulminant Prism          Conj/Hex       34%        3d16      3%          4
 Sticky Flame             Conj/Fire      87%        2d10      3%          4
 Confusing Touch          Hex            28%        N/A       7%          3
 Inner Flame              Hex/Fire       42%        N/A       7%          3
 Summon Guardian Golem    Hex/Summ       28%        N/A       7%          3
 Tukima's Dance           Hex            28%        N/A       7%          3
 Vampiric Draining        Necr           28%        2d8       7%          3
 Anguish                  Hex/Necr       14%        N/A       22%         4
 Animate Armour           Summ/Erth      84%        N/A       22%         4
 Cause Fear               Hex            14%        N/A       22%         4
 Dispel Undead            Necr           28%        3d13      22%         4
 Leda's Liquefaction      Hex/Erth       21%        N/A       22%         4
 Lee's Rapid Deconstruct  Erth           21%        3d13*     54%         5
 Starburst                Conj/Fire      43%        6d12      45%         6
 Statue Form              Tmut/Erth      50%        N/A       67%         6
 Dragon Form              Tmut           38%        N/A       82%         7
 Enfeeble                 Hex            14%        N/A       100%        7
 Lehudib's Crystal Spear  Conj/Erth      43%        10d11     100%        8
 Dragon's Call            Summ           14%        N/A       100%        9


Dungeon Overview and Level Annotations

Branches:
Dungeon (13/15)            Temple (0/1) D:4            Lair (6/6) D:8
 Shoals (2/4) Lair:4       Spider (0/4) Lair:3        Slime (0/5) Lair:6
    Orc (0/2) D:9           IceCv (visited)
 Vaults: D:13-14

Shops:
D:1 ?   D:3 (*:   D:6 :   D:12 [

Annotations:
Lair:6 exclusion: obsidian statue


Innate Abilities, Weirdness & Mutations

You have an increased reservoir of magic. (+10% MP)
You shall have no god before yourself.
Your divine heritage dramatically boosts your attributes as you level up.
Your mind is acute. (Int +2)
You are clumsy. (Dex -2)
Your muscles are strong. (Str +2)


Message History

The water elemental is lightly damaged.
Your ball lightning explodes!
The blast of lightning engulfs the merfolk!!!
You kill the merfolk!
You hear a splash.
The blast of lightning engulfs the water elemental!
The water elemental resists.
The water elemental is heavily damaged.
The blast of lightning engulfs you! You resist.
* * * LOW HITPOINT WARNING * * *
Unknown command.
Casting: Conjure Ball Lightning (dangerous; 4% risk of failure)
Confirm with . or Enter, or press ? or * to list all spells.
You feel a strong surge of power!
You create some ball lightning! 3 ball lightnings come into view.
Your surroundings suddenly seem different.
A merfolk javelineer, a sea snake and a manticore come into view.
The merfolk javelineer is wielding a +1 spear of freezing and quivering silver javelins.
The merfolk javelineer throws a silver javelin.
The silver javelin pierces through you!!
* * * LOW HITPOINT WARNING * * *
The silver sears you!
* * * LOW HITPOINT WARNING * * *
You feel much better.
The sea snake hisses angrily.
The merfolk javelineer throws a silver javelin.
The silver javelin closely misses you.
As you read the scroll of teleportation, it crumbles to dust.
You feel strangely unstable.
The merfolk javelineer throws a silver javelin.
The silver javelin barely misses you.
The merfolk javelineer throws a silver javelin.
The silver javelin pierces through you!!
* * * LOW HITPOINT WARNING * * *
The silver sears you!
* * * LOW HITPOINT WARNING * * *
The manticore flicks its tail.
The volley of spikes hits you.
The barbed spikes become lodged in your body.
You die...

#######
##.....##
#..≈≈≈H.# .
#.m≈≈≈≈.#..
#.≈≈≈≈≈...≈ .
#.≈≈≈≈≈.#≈≈
.≈..#..≈≈≈.....
....≈≈≈S@#..≈..
≈#.≈≈≈≈≈.# ≈≈P
≈≈.≈≈≈≈≈.# ≈
≈#.≈≈≈≈≈.#
#..≈≈≈..#
##.....##
#######


You could see a merfolk javelineer, a sea snake and a manticore.

Vanquished Creatures
  Nikola (Shoals:2)
  Gastronok (D:11)
  Kirke (Lair:4)
  A dire elephant (Lair:6)
  A rakshasa (D:13)
  2 merfolk impalers (Shoals:1)
  2 boulder beetles
  10 hydras
  2 catoblepae
  3 merfolk aquamancers
  A merfolk avatar (Shoals:1)
  5 centaur warriors
  A two-headed ogre (D:10)
  11 death yaks (Lair:6)
  4 tengu warriors
  Sonja (Lair:4)
  A spectral death yak (Lair:6)
  4 sea snakes
  2 necromancers (Lair:6)
  4 lindwurms (Lair:5)
  Pikel (D:5)
  4 harpies (Shoals:1)
  4 deep elf pyromancers
  5 manticores
  4 ugly things
  2 fauns
  8 oklob plants (Lair:6)
  4 cyclopes
  12 elephants (Lair:6)
  A merfolk siren (Shoals:2)
  3 black mambas
  2 torpor snails
  11 cane toads
  3 gargoyles
  9 rime drakes
  An anaconda simulacrum (IceCv)
  An ice devil (IceCv)
  An efreet (D:13)
  4 komodo dragons
  A kobold demonologist (D:11)
  A freezing wraith (D:11)
  A tengu conjurer (D:13)
  5 wind drakes
  5 polar bears
  4 trolls
  10 merfolk
  2 snapping turtles
  20 blink frogs
  10 slime creatures
  2 spectral elephants (Lair:6)
  5 dream sheep (Lair:4)
  4 wraiths
  A culicivora (Lair:3)
  2 jumping spiders (Lair:3)
  13 wyverns
  9 water elementals
  2 dire elephant simulacra (IceCv)
  4 hogs (Lair:4)
  54 yaks
  3 shadows
  Sigmund (D:5)
  3 steam dragons
  4 redbacks (Lair:3)
  7 basilisks
  5 death yak simulacra
  4 harpy simulacra (IceCv)
  Edmund (D:4)
  An acid dragon (D:10)
  36 water moccasins
  A hell hound (Lair:6)
  2 elephant zombies (Lair:6)
  5 orc warriors
  2 ice beasts
  A sky beast (D:3)
  3 black bears
  A boggart (D:11)
  3 ogres
  2 necrophages
  14 centaurs
  18 wolves
  An elephant skeleton (Lair:6)
  2 kobold brigands
  2 gnoll sergeants
  16 bullfrogs
  5 two-headed ogre simulacra (IceCv)
  3 cane toad simulacra
  A scorpion (D:4)
  A water moccasin skeleton (D:5)
  11 killer bees
  An elephant simulacrum (Lair:5)
  13 wights
  An electric eel (D:12)
  3 howler monkeys (D:12)
  A bullfrog zombie (D:7)
  4 centaur zombies
  A hound (D:6)
  A bullfrog skeleton (D:5)
  A centaur skeleton (D:6)
  2 gnoll shamans
  9 orc priests
  An iguana (D:4)
  9 orc wizards
  5 hell rats (Lair:6)
  Natasha (thrice) (D:4)
  3 spriggan simulacra (IceCv)
  2 polar bear simulacra (IceCv)
  3 troll simulacra (IceCv)
  3 wolf simulacra
  A hound skeleton (D:4)
  A mummy (D:5)
  Robin (D:2)
  A howler monkey zombie (D:9)
  16 gnolls
  26 adders
  6 naga simulacra (IceCv)
  A shadow imp (D:6)
  9 white imps (IceCv)
  7 ufetubi
  An adder skeleton (D:4)
  A worm (D:4)
  2 dart slugs
  32 orcs
  5 ball pythons
  5 endoplasms
  A giant cockroach (D:2)
  18 goblins
  11 hobgoblins
  10 jackals
  4 quokkas
  7 bats
  3 frilled lizards
  A hobgoblin zombie (D:5)
  9 kobolds
  2 kobold zombies (D:5)
  An orc zombie (D:5)
  4 rats (D:1)
  A ball lightning (Shoals:1)
  2 bushes (D:4)
707 creatures vanquished.

Vanquished Creatures (others)
  34 ball lightnings
  A bush (D:4)
  73 fungi
  162 plants
  23 withered plants (Lair:6)
293 creatures vanquished.

Grand Total: 1000 creatures vanquished

Notes
Turn   | Place    | Note
-------+----------+-------------------------------------------
     0 | D:1      | pkoi the Demigod Air Elementalist began the quest for the
                  | Orb.
     0 | D:1      | Reached XP level 1. HP: 14/14 MP: 5/5
    34 | D:1      | Found Huetrofo's Magic Scroll Shop.
   521 | D:1      | Reached XP level 2. HP: 18/20 MP: 1/7
  1224 | D:2      | Noticed Robin
  1270 | D:2      | Killed Robin
  1271 | D:2      | Reached XP level 3. HP: 26/26 MP: 0/8
  2691 | D:3      | Found Baohoed's Book Boutique.
  3082 | D:3      | Reached XP level 4. HP: 33/33 MP: 4/9
  3185 | D:3      | Learned a level 3 spell: Swiftness
  3212 | D:3      | Reached skill level 1 in Conjurations
  3522 | D:3      | Found Ipapn's Assorted Antiques.
  3607 | D:3      | Reached skill level 5 in Air Magic
  3940 | D:3      | Reached XP level 5. HP: 38/38 MP: 9/11
  3976 | D:3      | Found Koaciuru's Antique Weapon Emporium.
  4162 | D:3      | Noticed a sky beast
  4190 | D:3      | Learned a level 2 spell: Poisonous Vapours
  4276 | D:3      | Killed a sky beast
  4277 | D:3      | Reached skill level 1 in Poison Magic
  4726 | D:4      | Noticed Natasha
  4735 | D:4      | Killed Natasha
  4999 | D:4      | Noticed Natasha
  5006 | D:4      | Killed Natasha
  5132 | D:4      | Noticed Natasha
  5142 | D:4      | Killed Natasha
  5143 | D:4      | Reached XP level 6. HP: 17/45 MP: 4/13
  5337 | D:4      | Learned a level 4 spell: Airstrike
  6006 | D:4      | Reached XP level 7. HP: 50/50 MP: 4/14
  6185 | D:4      | Found a staircase to the Ecumenical Temple.
  6834 | D:4      | Noticed Edmund
  6880 | D:4      | Killed Edmund
  8454 | D:5      | Entered Level 5 of the Dungeon
  8925 | D:5      | Noticed Sigmund
  8965 | D:5      | Reached XP level 8. HP: 57/57 MP: 9/17
  8991 | D:5      | Killed Sigmund
  9111 | D:5      | Noticed Pikel
  9130 | D:5      | Killed Pikel
 10994 | D:2      | Learned a level 4 spell: Iskenderun's Mystic Blast
 10996 | D:2      | Learned a level 1 spell: Apportation
 11124 | D:6      | Found Veustott's Book Boutique.
 11475 | D:6      | Reached skill level 5 in Conjurations
 11648 | D:6      | Reached XP level 9. HP: 62/62 MP: 10/20
 11726 | D:6      | Reached skill level 1 in Translocations
 11827 | D:6      | Reached skill level 5 in Spellcasting
 12480 | D:6      | Noticed a balrug
 15194 | D:8      | Reached skill level 1 in Fighting
 15707 | D:8      | Found a staircase to the Lair.
 16151 | D:8      | Reached XP level 10. HP: 73/73 MP: 1/22
 19421 | D:9      | Found a staircase to the Orcish Mines.
 19709 | D:9      | Noticed a boulder beetle
 19727 | D:9      | Killed a boulder beetle
 20325 | Lair:1   | Entered Level 1 of the Lair of Beasts
 20584 | Lair:1   | Reached skill level 10 in Air Magic
 21122 | Lair:1   | You fall into a shaft and drop 1 floor!
 21550 | Lair:2   | Reached XP level 11. HP: 83/83 MP: 11/25
 22263 | Lair:2   | Reached skill level 5 in Translocations
 22619 | Lair:2   | Reached skill level 5 in Dodging
 23736 | Lair:2   | Gained mutation: You are clumsy. (Dex -2) [potion of
                  | mutation]
 23736 | Lair:2   | Gained mutation: Your mind is acute. (Int +2) [potion of
                  | mutation]
 23736 | Lair:2   | Gained mutation: Your muscles are strong. (Str +2) [potion
                  | of mutation]
 23766 | Lair:2   | Noticed a seven-headed hydra
 23776 | Lair:2   | Killed a seven-headed hydra
 24478 | Lair:3   | Found a hole to the Spider Nest.
 24842 | Lair:3   | Reached skill level 5 in Fighting
 25232 | Lair:3   | Noticed a seven-headed hydra
 25242 | Lair:3   | Killed a seven-headed hydra
 25989 | Lair:3   | Identified the +1 leather armour of Patience {rPois}
 26176 | Lair:3   | Noticed a boulder beetle
 26353 | Lair:3   | Killed a boulder beetle
 26354 | Lair:3   | Reached skill level 1 in Armour
 26354 | Lair:3   | Reached XP level 12. HP: 58/94 MP: 2/27
 28207 | D:3      | Bought a manual of Dodging for 800 gold pieces
 28682 | Lair:4   | Noticed Kirke
 29345 | Lair:4   | Noticed Sonja
 29472 | Lair:4   | Killed Sonja
 29811 | Lair:4   | Noticed a sphinx
 29819 | Lair:4   | Killed Kirke
 30359 | Lair:4   | Found a staircase to the Shoals.
 30686 | Lair:5   | Found a frozen archway.
 30856 | Lair:5   | Identified the +1 robe of the Lute {rN+ Archmagi}
 30867 | IceCv    | Entered an ice cave
 33878 | Lair:5   | Noticed a six-headed hydra
 33924 | Lair:5   | HP: 1/97 [six-headed hydra (5)]
 34448 | Lair:5   | Noticed a catoblepas
 34481 | Lair:5   | Killed a catoblepas
 34701 | Lair:5   | Learned a level 4 spell: Olgreb's Toxic Radiance
 34740 | Lair:5   | Reached XP level 13. HP: 92/104 MP: 9/30
 35268 | Lair:5   | Found the +18 shield of the Gong {rElec rN+ Will+ EV-5}
 35432 | Lair:5   | Got the Volume of the Cloudy Oath
 35444 | Lair:5   | Learned a level 5 spell: Alistair's Intoxication
 36269 | Lair:6   | Entered Level 6 of the Lair of Beasts
 36305 | Lair:6   | Reached skill level 1 in Transmutations
 36798 | Lair:6   | Reached skill level 1 in Unarmed Combat
 39770 | Lair:6   | Reached skill level 5 in Poison Magic
 41153 | Lair:6   | Reached XP level 14. HP: 99/115 MP: 22/32
 41154 | Lair:6   | Reached skill level 10 in Dodging
 43428 | Lair:6   | Found a staircase to the Slime Pits.
 44778 | D:10     | Entered Level 10 of the Dungeon
 46556 | D:10     | Reached skill level 5 in Transmutations
 46852 | D:11     | Reached skill level 10 in Spellcasting
 47074 | D:11     | Reached skill level 5 in Unarmed Combat
 48274 | D:11     | Noticed Gastronok
 48645 | D:11     | Killed Gastronok
 50302 | D:12     | Found Nanwosar's Antique Armour Shop.
 54416 | D:13     | Reached XP level 15. HP: 125/125 MP: 21/34
 55420 | D:12     | Identified a scroll of acquirement
 55422 | D:12     | Acquired the +3 Elemental Staff {rElec rF++ rC++ AC+5}
 55422 | D:12     | Found the +3 Elemental Staff {rElec rF++ rC++ AC+5}
 55551 | D:6      | Bought Hyno's Handbook of Conjuration and the Blaze for 576
                  | gold pieces
 55558 | D:6      | Learned a level 6 spell: Conjure Ball Lightning
 55713 | Shoals:1 | Entered Level 1 of the Shoals
 56271 | Shoals:1 | Reached skill level 1 in Evocations
 56686 | Shoals:1 | HP: 3/126 [spore (7)]
 58440 | Shoals:2 | Noticed Nikola
 58450 | Shoals:2 | Killed Nikola
 59301 | Shoals:2 | Reached skill level 10 in Fighting
 59376 | Shoals:2 | You are sucked into a shaft and drop 1 floor!
 59782 | Shoals:3 | HP: 6/126 [merfolk javelineer/silver javelin (6)]
 59782 | Shoals:3 | Killed from afar by a manticore

Illustrated notes

Levels and vault maps discovered:
D:1:      heliophobic_arrival_glass_houses, layout_loops_ring, serial_shops,
          nicolae_shop_statue_plus, nicolae_figureground_pulse
D:2:      layout_loops_cross, dilly_ecumenical_altar_fadedgnrine, uniq_robin
D:3:      layout_basic, serial_shops, shop, shop, shop
D:4:      layout_gridville, minmay_temple_entry_tees, serial_forest,
          infiniplex_forest_lined_room_3, infiniplex_forest_clump_cross,
          infiniplex_forest_clump_small, infiniplex_forest_straight_1,
          infiniplex_forest_side_room, infiniplex_forest_end_3,
          infiniplex_forest_3_way, infiniplex_forest_lined_1, corner_web_ring,
          uniq_natasha, uniq_edmund
D:5:      layout_rooms, okawaru_gym_becter, minmay_mini_ossuary, uniq_pikel,
          uniq_sigmund
D:6:      layout_layer_cave, makhleb_altar_promises_db, serial_shops, shop
D:7:      layout_gridville
D:8:      layout_basic, general_overflow_altar, minmay_lair_entry_grove
D:9:      layout_roguey, mainiacjoe_overflow_boulevard, erik_orc_3
D:10:     layout_rooms
D:11:     minmay_the_grid_four_pointed_star
          [minmay_the_grid_triangle_9x9_from_above,
          minmay_the_grid_triangle_9x9_minimal,
          minmay_the_grid_triangle_9x9_corruption,
          minmay_the_grid_triangle_9x9_pentomino_pain,
          minmay_the_grid_prize_big_room], layout_basic,
          kb_lookout_dungeons_type, uniq_gastronok
D:12:     lemuel_reptile_caves, layout_cave_pools, serial_rivers,
          chequers_serial_rivers_micro_c, chequers_serial_rivers_micro_e,
          chequers_serial_rivers_micro_b, chequers_serial_rivers_micro_e,
          chequers_serial_rivers_marsh, chequers_serial_rivers_small_3,
          gauntlet_entry_generic, serial_shops, nicolae_shop_stone,
          st_stairs_14, nicolae_ru_awakened_eye
D:13:     layout_rooms
Lair:1:   layout_hall_layers, lemuel_fruit_fields
Lair:2:   layout_roguey, grunt_megastairs_5, infiniplex_staircase_pool
Lair:3:   layout_regular_city, nicolae_spider_entry_tight_spaces, basic_altar,
          nzn_masters_of_martial_movement, infiniplex_staircase_pool_2
Lair:4:   layout_roguey, minmay_shoals_entry_beasts, uniq_kirke, uniq_sonja
Lair:5:   layout_cave_pods, portal_ice_cave_entry_ice_simulacra,
          minmay_lindwurm_lava
Lair:6:   due_jungle_book, layout_gridlike, minmay_slime_entry_oklob_open,
          special_room [special_room_mythical_zoo], serial_bayou_shore_b,
          grunt_megastairs_1
Shoals:1: layout_shoals, nicolae_shoals_lost_giant_hut
Shoals:2: layout_shoals, nicolae_shoals_so_close, uniq_nikola
Shoals:3: layout_shoals, nicolae_shoals_loop_pool, uniq_aizul, uniq_roxanne,
          uniq_ilsuiw, uniq_bai_suzhen

Skill      XL: |  1  2  3  4  5  6  7  8  9 10 11 12 13 14 15 |
---------------+----------------------------------------------+-----
Air Magic      | 3 4 5 7 8 9 10 11 12 | 12.3
Conjurations   | 1 2 3 5 6 7 8 9 |  9.5
Spellcasting   | 2 3 4 5 6 7 8 9 10 | 10.9
Poison Magic   | 1 2 3 5 6 |  6.0
Translocations | 3 4 6 |  6.0
Dodging        | 2 4 6 7 9 12 | 12.8
Fighting       | 1 3 5 6 8 9 10 | 10.0
Armour         | 1 3 |  3.5
Transmutations | 3 6 |  6.2
Unarmed Combat | 3 6 |  6.1
Evocations     | 2 |  2.7
Stealth        | |  1.7

Action                   |  1- 3 |  4- 6 |  7- 9 | 10-12 | 13-15 || total
-------------------------+-------+-------+-------+-------+-------++-------
Melee: Unarmed           |     4 |       |       |       |       ||     4
       Dagger            |    31 |    11 |   207 |   149 |    50 ||   448
       Punch             |     1 |       |    14 |       |     5 ||    20
       Spear             |       |       |   261 |     7 |       ||   268
Throw: Boomerang         |       |       |       |     4 |       ||     4
 Cast: Shock             |    92 |    94 |    24 |       |       ||   210
       Poisonous Vapours |       |    21 |    18 |   105 |    69 ||   213
       Airstrike         |       |     5 |   141 |   357 |   616 ||  1119
       Iskenderun's Myst |       |       |       |    11 |     2 ||    13
       Olgreb's Toxic Ra |       |       |       |     3 |    40 ||    43
       Apportation       |       |       |       |       |     3 ||     3
       Conjure Ball Ligh |       |       |       |       |    13 ||    13
Evoke: Wand              |       |       |       |       |     2 ||     2
  Use: Scroll            |     4 |       |     7 |     8 |     9 ||    28
       Potion            |     2 |       |     6 |     5 |     3 ||    16
Armor: Robe              |    21 |     7 |    40 |    76 |    68 ||   212
       Leather armour    |       |       |       |    33 |       ||    33
Dodge: Dodged            |    24 |    15 |    41 |   184 |   227 ||   491
Block: Other             |       |       |    10 |    68 |    74 ||   152
       Reflection        |       |       |       |     1 |    19 ||    20
